 Dungeon Crawl Stone Soup version 0.28.0-47-ge53b351184 (webtiles) character file.

Game seed: 7177181237902263393

800 issech the Cudgeller (level 7, -1/60 (63) HPs)
             Began as a Troll Monk on Apr 25, 2022.
             Was a Believer of Hepliaklqana.
             Slain by Edmund
             ... wielding a +2 dire flail of holy wrath
              (19 damage)
             ... on level 5 of the Dungeon.
             The game lasted 00:20:00 (4379 turns).

issech the Cudgeller (Troll Monk)                   Turns: 4379, Time: 00:20:02

HP:   -1/60 (63)    AC:  4    Str: 20    XL:     7   Next: 59%
MP:   6/6           EV:  9    Int:  6    God:    Hepliaklqana [**....]
Gold: 341           SH:  7    Dex: 14    Spells: 6/6 levels left

rFire   . . .      SeeInvis .   c - +0 flail
rCold   . . .      Faith    .   f - +0 kite shield
rNeg    . . .      Spirit   .   b - +0 robe
rPois   .          Reflect  .   (helmet restricted)
rElec   .          Harm     .   (no cloak)
rCorr   .          Rampage  .   (gloves unavailable)
Will    .....                   (boots unavailable)
Stlth   ++........              (no amulet)
HPRegen 1.00/turn               (no ring)
MPRegen 0.10/turn               (no ring)

@: lightly drained
A: reduced essence, large, unfitting armour, claws 3, regeneration 1, shaggy fur
1, tough skin 1
a: Renounce Religion, Recall Ancestor, Ancestor Identity


You were on level 5 of the Dungeon.
You worshipped Hepliaklqana.
Hepliaklqana was pleased with you.
You visited 2 branches of the dungeon, and saw 6 of its levels.

You collected 341 gold pieces.

Inventory:

Hand Weapons
 a - a +0 mace
 c - a +0 flail (weapon)
 u - a +0 hunting sling
Missiles
 d - 166 stones (quivered)
 g - 21 arrows
 m - 13 poisoned darts
 p - 17 sling bullets
 x - 27 bolts
Armour
 b - a +0 robe (worn)
 f - a +0 kite shield (worn)
Wands
 o - a wand of polymorph (1)
Scrolls
 e - a scroll of torment {unknown}
 h - 2 scrolls of magic mapping {unknown}
 j - 2 scrolls of fog {unknown}
 k - a scroll of identify {unknown}
 n - 4 scrolls of blinking
 q - a scroll of noise {unknown}
 v - a scroll of silence {unknown}
 w - a scroll of teleportation {unknown}
Potions
 i - a potion of flight {unknown}
 r - a potion of attraction {unknown}
 s - a potion of ambrosia {unknown}
 t - a potion of might
 z - a potion of heal wounds {unknown}


   Skills:
 + Level 4.0 Fighting
 + Level 5.7 Maces & Flails
 + Level 0.9 Throwing
 + Level 3.7 Dodging
 + Level 1.7 Stealth
 + Level 1.9 Shields


You had 6 spell levels left.
You didn't know any spells.
Your spell library contained the following spells:

 Spells                   Type           Power      Damage    Failure   Level
 Beastly Appendage        Tmut           0%         N/A       77%         1
 Poisonous Vapours        Pois/Air       0%         N/A       88%         2
 Wereblood                Tmut           0%         N/A       88%         2
 Gell's Gravitas          Tloc           0%         N/A       98%         3
 Lesser Beckoning         Tloc           0%         N/A       98%         3
 Mephitic Cloud           Conj/Pois/Air  0%         N/A       98%         3
 Spider Form              Tmut/Pois      0%         N/A       98%         3
 Teleport Other           Tloc           0%         N/A       98%         3
 Fulminant Prism          Conj/Hex       0%         3d6       100%        4
 Iskenderun's Mystic Bla  Conj/Tloc      0%         2d3       100%        4
 Lee's Rapid Deconstruct  Erth           0%         3d5*      100%        5


Dungeon Overview and Level Annotations

Branches:
Dungeon (5/15)             Temple (1/1) D:5

Altars:
Ashenzari
Cheibriados
Dithmenos
Elyvilon
Fedhas
Gozag
Hepliaklqana
Kikubaaqudgha
Makhleb
Nemelex Xobeh
Okawaru
Qazlal
Ru
Sif Muna
Trog
Uskayaw
Vehumet
Wu Jian
Xom
Yredelemnul
Zin
The Shining One

Shops:
D:1 [

Annotations:
D:4 2 transporters
D:5 Edmund, Eustachio


Innate Abilities, Weirdness & Mutations

Your life essence is reduced to manifest your ancestor. (-10% HP)
You are too large for most types of armour.
You have claws for hands.
Your natural rate of healing is unusually fast.
You are covered in fur. (AC +1)
You have tough skin. (AC +1)


Message History

The bat dies!
The bat's corpse disappears in a puff of smoke!
The shadow imp barely misses Dunstan.
The quokka bites Dunstan.
Eustachio mumbles some strange words.
Eustachio blinks!
You block the river rat's attack. You block Edmund's attack.
Dunstan barely misses the quokka.
You thump the river rat!
The river rat is almost dead.
The quokka closely misses Dunstan.
The shadow imp hits Dunstan but does no damage.
The river rat barely misses you.
Eustachio gestures wildly while chanting.
Edmund drinks a potion.
Edmund goes berserk!
The river rat closely misses you.
The quokka closely misses Dunstan.
Dunstan casts a spell at the shadow imp.
The puff of frost hits the shadow imp.
The shadow imp resists.
The shadow imp closely misses Dunstan.
You block the river rat's attack.
Eustachio gestures wildly while chanting.
Eustachio blinks!
You hit Edmund but do no damage.
The quokka disappears in a puff of smoke!
The river rat disappears in a puff of smoke!
Edmund hits you with a +2 dire flail of holy wrath!
The quokka barely misses Dunstan.
You block Edmund's attack.
Dunstan hits the shadow imp with a +0 quarterstaff!
The bat closely misses Dunstan.
The shadow imp hits Dunstan.
You block the river rat's attack.
You hit Edmund.
Edmund is lightly wounded.
The bat hits Dunstan.
Edmund hits you with a +2 dire flail of holy wrath!!
The bat completely misses Dunstan.
The quokka bites Dunstan.
Dunstan points at the quokka and mumbles some strange words.
The stone arrow hits the quokka!
The quokka dies!
The quokka's corpse disappears in a puff of smoke!
The shadow imp barely misses Dunstan.
The river rat bites you.
* * * LOW HITPOINT WARNING * * *
Edmund hits you with a +2 dire flail of holy wrath!!
You die...

...##.###.#..##.#.....#......#...
..###.# ..#.......@.......#.#...
... ..# #.....#............#.....
#.. #.# ..............>..#.#...#.
.. #.. ....###..§§.##...#.##..##
.. .. ).. ##.§..#.........## #.
.##.. ##5§§..........##
......#@Rbb.......####
....((..@r#.......#
....##.####..<... .. #.. ......
### <... ..#


You could see the friendly Dunstan the battlemage, Edmund (berserk), a river rat
(summoned), a shadow imp (summoned) and 2 bats.

Vanquished Creatures
  Grinder (D:3)
  A necrophage (D:5)
  A hound (D:5)
  An orc priest (D:2)
  A bullfrog skeleton (D:4)
  Ijyb (D:2)
  2 iguanas (D:4)
  An orc wizard (D:4)
  Terence (D:2)
  3 hound skeletons
  3 gnolls
  6 adders
  An ufetubus (D:4)
  An adder zombie (D:5)
  3 worms
  2 dart slugs
  10 orcs
  9 endoplasms
  5 giant cockroaches
  7 goblins
  8 hobgoblins
  9 kobolds
  2 quokkas
  11 ball pythons
  8 bats
  2 frilled lizards (D:1)
  9 rats
109 creatures vanquished.

Vanquished Creatures (collateral kills)
  A scorpion (D:5)
1 creature vanquished.

Grand Total: 110 creatures vanquished

Notes
Turn   | Place    | Note
-------+----------+-------------------------------------------
     0 | D:1      | issech the Troll Monk began the quest for the Orb.
     0 | D:1      | Reached XP level 1. HP: 22/22 MP: 0/0
    50 | D:1      | You fall into a shaft and drop 1 floor!
    63 | D:2      | Noticed Terence
   151 | D:2      | HP: 1/22 [rat (3)]
   211 | D:2      | Killed Terence
   212 | D:2      | Reached skill level 3 in Maces & Flails
   212 | D:2      | Reached XP level 2. HP: 27/29 MP: 1/1
   233 | D:2      | Reached XP level 3. HP: 36/36 MP: 2/2
  1037 | D:1      | Found Xuocyeni's Antique Armour Boutique.
  1168 | D:2      | Reached XP level 4. HP: 43/45 MP: 3/3
  1365 | D:2      | Found a faded altar of an unknown god.
  1803 | D:3      | Noticed Ijyb
  1848 | D:3      | Noticed Grinder
  1888 | D:2      | Killed Ijyb
  1889 | D:2      | Reached skill level 4 in Maces & Flails
  1889 | D:2      | Reached XP level 5. HP: 53/53 MP: 4/4
  2072 | D:3      | Paralysed by Grinder for 6 turns
  2086 | D:3      | Paralysed by Grinder for 3 turns
  2134 | D:3      | Paralysed by Grinder for 5 turns
  2190 | D:3      | Paralysed by Grinder for 5 turns
  2198 | D:3      | Killed Grinder
  2199 | D:3      | Reached XP level 6. HP: 34/61 MP: 5/5
  2655 | D:3      | Reached skill level 1 in Shields
  2783 | D:3      | Reached skill level 5 in Maces & Flails
  3006 | D:4      | Found a transporter.
  3027 | D:4      | Found a transporter.
  3214 | D:4      | Reached XP level 7. HP: 48/68 MP: 6/6
  3695 | D:5      | Entered Level 5 of the Dungeon
  3825 | D:5      | Found a shadowy altar of Dithmenos.
  3902 | D:5      | Found a staircase to the Ecumenical Temple.
  3906 | D:5      | Got the Guide on Poisoning
  3964 | Temple   | Entered the Ecumenical Temple
  4033 | Temple   | Became a worshipper of Hepliaklqana the Forgotten
  4033 | Temple   | Reached * piety under Hepliaklqana
  4033 | Temple   | Reached ** piety under Hepliaklqana
  4034 | Temple   | Remembered your ancestor Dunstan as a battlemage
  4364 | D:5      | Noticed Eustachio
  4371 | D:5      | Noticed Edmund
  4379 | D:5      | Slain by Edmund

Illustrated notes

Levels and vault maps discovered:
D:1:      elethiomel_arrival_maze, layout_loops_ring, serial_shops,
          nicolae_shop_temple_entry_statues_fountains
D:2:      layout_loops_cross, chequers_ecumenical_altar_twisty, uniq_terence
D:3:      layout_rooms, saegor_snake_ambush, uniq_grinder, uniq_ijyb
D:4:      gammafunk_steamed_eel, layout_cave_pools, grunt_ministairs_1,
          minmay_fractal_squares_diagonal_5
D:5:      layout_cave_pools, nicolae_dithmenos_the_darkroom,
          minmay_temple_entry_offerings, feat_on_display, uniq_edmund,
          uniq_eustachio
Temple:   mainiacjoe_temple_circle_huts

Skill      XL: |  1  2  3  4  5  6  7 |
---------------+----------------------+-----
Maces & Flails | 3 4 5 |  5.7
Fighting       | 3 4 |  4.0
Dodging        | 3 |  3.7
Shields        | 1 |  1.9
Throwing       | |  0.9
Stealth        | |  1.7

Action                   |  1- 3 |  4- 6 |  7- 9 || total
-------------------------+-------+-------+-------++-------
Melee: Mace              |    22 |       |       ||    22
       Punch             |     2 |       |       ||     2
       Flail             |    87 |   230 |    87 ||   404
Throw: Stone             |     5 |    25 |     4 ||    34
       Boomerang         |       |       |     1 ||     1
Invok: Ancestor Life: Ba |       |       |     1 ||     1
  Use: Scroll            |       |       |     1 ||     1
 Stab: Sleeping          |     5 |     4 |       ||     9
Armor: Robe              |    73 |   104 |    50 ||   227
       Skin              |       |     2 |       ||     2
Dodge: Dodged            |    89 |   128 |    58 ||   275
Block: Kite shield       |    26 |   105 |    62 ||   193
